 Dungeon Crawl Stone Soup version 0.29.1-2-gbd0b4ee654 (webtiles) character file.

Game seed: 5934679163940921194

2 qeuew the Vexing (level 1, 0/10 HPs)
             Began as a Deep Elf Enchanter on Nov 4, 2022.
             Slain by a jackal (3 damage)
             ... on level 1 of the Dungeon.
             The game lasted 00:00:46 (142 turns).

qeuew the Vexing (Deep Elf Enchanter)                Turns: 142, Time: 00:00:47

Health: 0/10       AC:  3    Str:  5    XL:     1   Next: 25%
Magic:  6/6        EV: 12    Int: 19    God:
Gold:   10         SH:  0    Dex: 15    Spells: 6/6 levels left

rFire   . . .      SeeInvis .   a - +1 dagger
rCold   . . .      Faith    .   (no shield)
rNeg    . . .      Spirit   .   b - +0 robe
rPois   .          Reflect  .   (no helmet)
rElec   .          Harm     .   (no cloak)
rCorr   .          Rampage  .   f - +0 pair of gloves
Will    .....                   (no boots)
Stlth   ++........              (no amulet)
HPRegen 0.03/turn               (no ring)
MPRegen 0.10/turn               (no ring)

@: no status effects
A: no striking features
a: no special abilities


You were on level 1 of the Dungeon.
You visited 1 branch of the dungeon, and saw 1 of its levels.

You collected 10 gold pieces.

Inventory:

Hand Weapons
 a - a +1 dagger (weapon)
Armour
 b - a +0 robe (worn)
 f - a +0 pair of gloves (worn)
Potions
 c - a potion of invisibility
 d - a potion of heal wounds {unknown}
 e - a potion of flight {unknown}


   Skills:
 + Level 1.0 Short Blades
 + Level 2.4 Dodging
 + Level 3.6 Stealth
 * Level 3.0 Spellcasting
 * Level 4.1 Hexes


You had 6 spell levels left.
You didn't know any spells.
Your spell library contained the following spells:

 Spells                   Type           Power      Damage    Failure   Level
 Confusing Touch          Hex            18%        N/A       9%          3
 Tukima's Dance           Hex            18%        N/A       9%          3
 Ensorcelled Hibernation  Hex/Ice        20%        N/A       10%         2
 Dazzling Flash           Conj/Hex       20%        N/A       21%         3


Dungeon Overview and Level Annotations

Branches:
Dungeon (1/15)

Altars:


Message History

You are too injured to fight recklessly!
You are too injured to fight recklessly!
You are too injured to fight recklessly!
You are too injured to fight recklessly!
You are too injured to fight recklessly!
The jackal bites you.
* * * LOW HITPOINT WARNING * * *
A jackal comes into view.
The jackal barks!
The jackal closely misses you.
You fade into invisibility!
The jackal misses you.
You hit the jackal but do no damage. The jackal barely misses you.
The jackal misses you.
You hit the jackal.
The jackal is heavily wounded.
The jackal bites you but does no damage.
A jackal comes into view.
The jackal misses you.
You miss the jackal.
The jackal is heavily wounded.
The jackal closely misses you. The jackal closely misses you.
A kobold comes into view. It is wielding a +0 club.
The jackal barks!
The jackal barely misses you.
A jackal comes into view.
You barely miss the jackal. The jackal misses you.
You flicker for a moment.
A jackal comes into view.
The jackal closely misses you. The jackal misses you.
The jackal barely misses you. The jackal barely misses you.
Found a scale mail.
The jackal closely misses you.
You hit the jackal.
The jackal is severely wounded.
You flicker back into view.
The jackal bites you.
You die...

##.#...#..#...#....#........
##.#.⌠.#..#.⌠.#..#.........?
#..#...#≈≈#...#..###........
...~###≈≈≈≈###~..##h........
....≈≈≈≈≈≈≈≈≈≈..###..>......
....≈≈≈≈≈≈≈≈≈~..# #h...h....
...~###≈≈≈~###~.###....>h...
.†.#...#≈~#. .#.#........≈≈≈
#..#.⌠.# . #.@h#......≈..
#..#...# #.###...h(.≈≈≈
#...###.. #.. ..........
#.... .. .... ..#####....
...... .#...... .... .....#
.. ....... ..# . .≈≈≈.... ##
#.≈[≈.


You could see 2 jackals.

Vanquished Creatures
  A ball python (D:1)
  A kobold (D:1)
  A rat (D:1)
3 creatures vanquished.

Notes
Turn   | Place    | Note
-------+----------+-------------------------------------------
     0 | D:1      | qeuew the Deep Elf Enchanter began the quest for the Orb.
     0 | D:1      | Reached XP level 1. HP: 10/10 MP: 6/6
   142 | D:1      | Slain by a jackal

Illustrated notes

Levels and vault maps discovered:
D:1:      lemuel_arrival_broad_hall, layout_rooms,
          shapermc_ecumenical_altar_venn, fountainhead,
          chequers_serial_rivers_micro_d, corexii_item_surrounded_by_moat,
          hangedman_glass_teeth

Action                   || total
-------------------------++-------
Melee: Dagger            ||    17
  Use: Potion            ||     1
Armor: Robe              ||     5
Dodge: Dodged            ||    22
